 Dungeon Crawl Stone Soup version 0.17.2-1-ge4368a0 (webtiles) character file.

9 ololoev the Skirmisher (level 2, 10/24 HPs)
             Began as a Demonspawn Fighter on Oct 25, 2016.
             Quit the game on level 3 of the Dungeon.
             The game lasted 00:01:44 (124 turns).

ololoev the Skirmisher (Demonspawn Fighter)          Turns: 124, Time: 00:01:44

Health: 10/24      AC:  6    Str: 16    XL:     2   Next: 3%
Magic:  2/2        EV:  6    Int: 12    God:
Gold:   0          SH:  8    Dex: 12    Spells: 0 memorised, 1 level left

rFire  . . .     SeeInvis .     a - +0 war axe (chop)
rCold  . . .     Clarity  .     b - +0 scale mail
rNeg   . . .     SustAt   .     c - +0 shield
rPois  .         Gourm    .     (no helmet)
rElec  .         Spirit   .     (no cloak)
rCorr  .         Warding  .     (no gloves)
rMut   .         Stasis   .     (no boots)
MR     .....                    (no amulet)
Stlth  ..........               (no ring)
                                l - +3 ring of intelligence

@: not resistant to hostile enchantments, extremely unstealthy
A: talons 1
a: no special abilities


Innate Abilities, Weirdness & Mutations

You have sharp toenails.

Inventory:

Hand Weapons
 a - a +0 war axe of chopping (weapon)
Armour
 b - a +0 scale mail (worn)
 c - a +0 shield (worn)
Jewellery
 l - a +3 ring of intelligence (left hand)
Scrolls
 f - a scroll of fear {unknown}
 g - a scroll of teleportation {unknown}
 j - a scroll of identify {unknown}
Potions
 d - a potion of might
 h - 2 potions of heal wounds {unknown}
 i - a potion of brilliance {unknown}
Comestibles
 e - a bread ration
 k - a meat ration


   Skills:
 + Level 3.2 Fighting
 * Level 2.1 Axes
 + Level 2.8 Armour
 - Level 2.6 Shields


You had one spell level left.
You didn't know any spells.


You were on level 3 of the Dungeon.
You were not hungry.

You visited 1 branch of the dungeon, and saw 3 of its levels.

########## ######
##........## #....#
#..........## #>...#
##..........####....#
###.######.....)...##
#..# #####.@....#
#.## #..†...... ###.#
##.(._.... #...#
#.....#?. ..###
.....## . .## #....#
## ###..# ### #.#
..#.#

Notes
Turn   | Place    | Note
--------------------------------------------------------------
     0 | D:1      | ololoev the Demonspawn Fighter began the quest for the Orb.
     0 | D:1      | Reached XP level 1. HP: 18/18 MP: 1/1
   116 | D:3      | Found a bloodstained altar of Trog.
   123 | D:3      | Gained mutation: You have sharp toenails. [demonic ancestry]
   123 | D:3      | Reached XP level 2. HP: 10/24 MP: 2/2
   124 | D:3      | Quit the game

Dungeon Overview and Level Annotations

Branches:
Dungeon (3/15)

Altars:
Trog


Message History

The goblin is almost dead.
You barely miss the quokka.
The quokka is moderately wounded.
You block the quokka's attack. The goblin hits you but does no damage.
You block the quokka's attack.
You hit the goblin.
You kill the goblin!
Your Axes skill increases to level 2!
You hit the quokka.
You kill the quokka!
Things that are here:
a club; a goblin corpse
There is a stone staircase leading up here.
You climb upwards.
There is a stone staircase leading down here.
You climb downwards.
There is a stone staircase leading up here.
Things that are here:
a club; a goblin corpse
Found a dagger.
Found a bloodstained altar of Trog.
A hobgoblin comes into view.
The hobgoblin shouts!
The hobgoblin moves out of view.
Found 5 large rocks.
A hobgoblin comes into view. It is wielding a club.
The hobgoblin shouts!
Found a scroll labeled MOHEVUMEIT.
Found a stone staircase leading down.
You barely miss the hobgoblin.
Your shield and scale mail prevent you from hitting the hobgoblin.
You block the hobgoblin's attack. x2
You completely miss the hobgoblin. You hit the hobgoblin.
You kill the hobgoblin!
The hobgoblin hits you.
You hit the hobgoblin.
You kill the hobgoblin!
You have reached level 2!
You feel monstrous as your demonic heritage exerts itself.
Your demonic ancestry asserts itself...
Your toenails lengthen and sharpen.
Are you sure you want to abandon this character and quit the game? (Confirm with "yes".)

There were no monsters in sight!

Vanquished Creatures
  A goblin (D:3)
  2 hobgoblins (D:3)
  2 bats (D:2)
  A giant newt (D:3)
  2 quokkas (D:3)
8 creatures vanquished.

Action                   || total
-------------------------++-------
Melee: War axe           ||    28

Vault maps used:
D:1:      denvon_arrival_planthouse, serial_bayou_pond_e
D:2:      eino_tiny_chamber, minmay_box_of_dots, uniq_natasha
D:3:      grunt_dithmenos_smoke, bloody_trog, first_bread,
          minmay_misc_feat_five, uniq_iyjb
